3AA
BILLINGS POLAR BEARS @ BATTLE GROUND AEROS
07/30/2025
 
TOP OF THE 1ST
Billings Polar Bears batting - Pitching for Battle Ground Aeros : RHP José Lucero
Pitching: RHP José Lucero
Batting: RHB Roberto Hernández 0-0: Ball
1-0: Foul Ball, location: 2F
1-1: Ball
2-1: Foul Ball, location: 2F
2-2: Ground out 5-3 (Groundball, 56S)
Batting: RHB Mike Brown 0-0: Ground out 5-3 (Groundball, 5L)
Batting: LHB Felipe Trujillo 0-0: Foul Ball, location: 2F
0-1: Ball
1-1: Ball
2-1: Foul Ball, location: 2F
2-2: Ball
3-2: Foul Ball, location: 2F
3-2: Strikes out swinging
Top of the 1st over - 0 run(s), 0 hit(s), 0 error(s), 0 left on base; Billings 0 - Battle Ground 0
BOTTOM OF THE 1ST
Battle Ground Aeros batting - Pitching for Billings Polar Bears : RHP Frank Glass
Pitching: RHP Frank Glass
Batting: RHB Carlos Soto 0-0: Swinging Strike
0-1: Called Strike
0-2: Ball
1-2: Fly out, F4 (Popup, 34D)
Batting: RHB Andrés Sánchez 0-0: Fly out, F8 (Line Drive, 8RM)
Batting: LHB Ignacio Martínez 0-0: Called Strike
0-1: Ball
1-1: Foul Ball, location: 2F
1-2: Foul Ball, location: 2F
1-2: Ball
2-2: Ball
3-2: Foul Ball, location: 2F
3-2: Foul Ball, location: 2F
3-2: DOUBLE (Groundball, 3L)
Batting: RHB José Rodríguez 0-0: Ball
1-0: Called Strike
1-1: 2-RUN HOME RUN (Flyball, 7D), Distance : 365 ft
Batting: LHB Dave Smerdon 0-0: Called Strike
0-1: Ball
1-1: Ball
2-1: Ball
3-1: Base on Balls
Batting: RHB Juan Camacho 0-0: Ball
1-0: Ball
2-0: Called Strike
2-1: Foul Ball, location: 2F
2-2: Foul Ball, location: 2F
2-2: Ground out 6-3 (Groundball, 6)
Bottom of the 1st over - 2 run(s), 2 hit(s), 0 error(s), 1 left on base; Billings 0 - Battle Ground 2
TOP OF THE 2ND
Billings Polar Bears batting - Pitching for Battle Ground Aeros : RHP José Lucero
Batting: LHB Rubén Ruíz 0-0: Foul Ball, location: 2F
0-1: Ball
1-1: Foul Ball, location: 2F
1-2: Ball
2-2: Strikes out looking
Batting: RHB Lúcio Marín 0-0: Ball
1-0: Ball
2-0: Called Strike
2-1: Swinging Strike
2-2: DOUBLE (Line Drive, 7LM)
Batting: SHB Bernard Gauthier 0-0: Called Strike
0-1: Swinging Strike
0-2: Strikes out swinging
Batting: RHB Manny Alemán 0-0: Ground out 4-3 (Groundball, 4)
Top of the 2nd over - 0 run(s), 1 hit(s), 0 error(s), 1 left on base; Billings 0 - Battle Ground 2
BOTTOM OF THE 2ND
Battle Ground Aeros batting - Pitching for Billings Polar Bears : RHP Frank Glass
Batting: RHB Gustavo Meza 0-0: Ball
1-0: Called Strike
1-1: Foul Ball, location: 2F
1-2: Foul Ball, location: 2F
1-2: Ball
2-2: Ball
3-2: Base on Balls
Batting: RHB Beau Murphy 0-0: Ball
1-0: Ball
2-0: Ball
3-0: Base on Balls
Gustavo Meza to second
Batting: SHB Juan Brito 0-0: Ball
1-0: Called Strike
1-1: Grounds into double play, 4-6-3 (Groundball, 4)
Gustavo Meza to third
Batting: RHB Carlos Soto 0-0: Called Strike
0-1: Ball
1-1: DOUBLE (Line Drive, 7LS)
Gustavo Meza scores
Batting: RHB Andrés Sánchez 0-0: Ball
1-0: Called Strike
1-1: Foul Ball, location: 2F
1-2: Strikes out swinging
Bottom of the 2nd over - 1 run(s), 1 hit(s), 0 error(s), 1 left on base; Billings 0 - Battle Ground 3
TOP OF THE 3RD
Billings Polar Bears batting - Pitching for Battle Ground Aeros : RHP José Lucero
Batting: RHB Nathan Landrum 0-0: Ball
1-0: Ball
2-0: Fly out, F8 (Flyball, 8LS)
Batting: RHB Pierre Bernard 0-0: Hit by Pitch
Batting: RHB Roberto Hernández 0-0: Ball
1-0: Called Strike
Pierre Bernard is caught stealing 2nd base
1-1: Ball
2-1: Fly out, F9 (Flyball, 89S)
Top of the 3rd over - 0 run(s), 0 hit(s), 0 error(s), 0 left on base; Billings 0 - Battle Ground 3
BOTTOM OF THE 3RD
Battle Ground Aeros batting - Pitching for Billings Polar Bears : RHP Frank Glass
Batting: LHB Ignacio Martínez 0-0: Ground out 1-3 (Groundball, 15)
Batting: RHB José Rodríguez 0-0: Swinging Strike
0-1: Ball
1-1: SINGLE (Groundball, 6MD)
Batting: LHB Dave Smerdon 0-0: Called Strike
0-1: Called Strike
0-2: Ball
Throwing error on steal attempt, E2
José Rodríguez to third
1-2: Strikes out swinging
Batting: RHB Juan Camacho 0-0: Called Strike
0-1: Ball
1-1: Ball
2-1: Ball
3-1: Ground out 6-3 (Groundball, 6)
Bottom of the 3rd over - 0 run(s), 1 hit(s), 1 error(s), 1 left on base; Billings 0 - Battle Ground 3
TOP OF THE 4TH
Billings Polar Bears batting - Pitching for Battle Ground Aeros : RHP José Lucero
Batting: RHB Mike Brown 0-0: Ball
1-0: Swinging Strike
1-1: Ball
2-1: DOUBLE (Groundball, 5L)
Batting: LHB Felipe Trujillo 0-0: Foul Ball, location: 2F
0-1: Ball
1-1: Ball
2-1: Foul Ball, location: 2F
2-2: Foul Ball, location: 2F
2-2: Strikes out swinging
Batting: LHB Rubén Ruíz 0-0: Foul Ball, location: 2F
0-1: Ground out 3-1 (Groundball, 34)
Mike Brown to third
Batting: RHB Lúcio Marín 0-0: Foul Ball, location: 2F
0-1: Swinging Strike
0-2: Foul Ball, location: 2F
0-2: Foul Ball, location: 2F
0-2: Ground out 5-3 (Groundball, 56)
Top of the 4th over - 0 run(s), 1 hit(s), 0 error(s), 1 left on base; Billings 0 - Battle Ground 3
BOTTOM OF THE 4TH
Battle Ground Aeros batting - Pitching for Billings Polar Bears : RHP Frank Glass
Batting: RHB Gustavo Meza 0-0: Called Strike
0-1: Called Strike
0-2: Ball
1-2: Ball
2-2: Fly out, F8 (Flyball, 8RM)
Batting: RHB Beau Murphy 0-0: Called Strike
0-1: Ball
1-1: Ball
2-1: Ball
3-1: Base on Balls
Pitching: LHP Vincent Bannon
Batting: SHB Juan Brito 0-0: Ball
1-0: Ground out 5-3 (Groundball, 5S)
Beau Murphy to second
Batting: RHB Carlos Soto 0-0: Ball
1-0: Called Strike
1-1: Ball
2-1: Ball
3-1: Foul Ball, location: 2F
3-2: Ground out 5-3 (Groundball, 56S)
Bottom of the 4th over - 0 run(s), 0 hit(s), 0 error(s), 1 left on base; Billings 0 - Battle Ground 3
TOP OF THE 5TH
Billings Polar Bears batting - Pitching for Battle Ground Aeros : RHP José Lucero
Batting: SHB Bernard Gauthier 0-0: Ball
1-0: Swinging Strike
1-1: Ball
2-1: Fly out, F7 (Flyball, 78S)
Batting: RHB Manny Alemán 0-0: Called Strike
0-1: SINGLE (Line Drive, 7S)
Batting: RHB Nathan Landrum 0-0: Foul Ball, location: 2F
0-1: Called Strike
0-2: Fielders Choice at 2nd, 6-4 (Groundball, 6M)
Batting: RHB Pierre Bernard 0-0: Ball
1-0: Swinging Strike
1-1: Foul Ball, location: 2F
1-2: Fly out, F8 (Line Drive, 8RM)
Top of the 5th over - 0 run(s), 1 hit(s), 0 error(s), 1 left on base; Billings 0 - Battle Ground 3
BOTTOM OF THE 5TH
Battle Ground Aeros batting - Pitching for Billings Polar Bears : LHP Vincent Bannon
Batting: RHB Andrés Sánchez 0-0: Called Strike
0-1: Called Strike
0-2: Strikes out swinging
Batting: LHB Ignacio Martínez 0-0: Foul Ball, location: 2F
0-1: Ball
1-1: Foul Ball, location: 2F
1-2: Foul Ball, location: 2F
1-2: Strikes out swinging
Batting: RHB José Rodríguez 0-0: Called Strike
0-1: Called Strike
0-2: Foul Ball, location: 2F
0-2: Ball
1-2: Strikes out looking
Bottom of the 5th over - 0 run(s), 0 hit(s), 0 error(s), 0 left on base; Billings 0 - Battle Ground 3
TOP OF THE 6TH
Billings Polar Bears batting - Pitching for Battle Ground Aeros : RHP José Lucero
Batting: RHB Roberto Hernández 0-0: Ball
1-0: Called Strike
1-1: Foul Ball, location: 2F
1-2: Foul Ball, location: 2F
1-2: Foul Ball, location: 2F
1-2: Ball
2-2: DOUBLE (Line Drive, 7LS)
Batting: RHB Mike Brown 0-0: Called Strike
Roberto Hernández is caught stealing 3rd base
0-1: Ball
1-1: Foul Ball, location: 2F
1-2: Ground out 3-1 (Groundball, 34)
Batting: LHB Felipe Trujillo 0-0: Called Strike
0-1: Called Strike
0-2: Ball
1-2: Strikes out swinging
Top of the 6th over - 0 run(s), 1 hit(s), 0 error(s), 0 left on base; Billings 0 - Battle Ground 3
BOTTOM OF THE 6TH
Battle Ground Aeros batting - Pitching for Billings Polar Bears : LHP Vincent Bannon
Pitching: RHP Serafino Abreu
Batting: LHB Dave Smerdon 0-0: Called Strike
0-1: Swinging Strike
0-2: Strikes out swinging
Batting: RHB Juan Camacho 0-0: Ball
1-0: Foul Ball, location: 2F
1-1: Ball
2-1: Called Strike
2-2: Strikes out swinging
Batting: RHB Gustavo Meza 0-0: Ball
1-0: Ground out 6-3 (Groundball, 6)
Bottom of the 6th over - 0 run(s), 0 hit(s), 0 error(s), 0 left on base; Billings 0 - Battle Ground 3
TOP OF THE 7TH
Billings Polar Bears batting - Pitching for Battle Ground Aeros : RHP José Lucero
Batting: LHB Rubén Ruíz 0-0: Swinging Strike
0-1: Ball
1-1: SINGLE (Groundball, 6MD)
Batting: RHB Lúcio Marín 0-0: Foul Ball, location: 2F
0-1: Ball
1-1: Ball
2-1: Called Strike
2-2: Ball
3-2: Foul Ball, location: 2F
3-2: Fly out, F7 (Line Drive, 7LM)
Batting: SHB Bernard Gauthier 0-0: Foul Ball, location: 2F
0-1: Fly out, F9 (Flyball, 89XD)
Batting: RHB Manny Alemán 0-0: Ball
1-0: Ball
2-0: Called Strike
2-1: Fielders Choice at 2nd, 5-4 (Groundball, 56)
Top of the 7th over - 0 run(s), 1 hit(s), 0 error(s), 0 left on base; Billings 0 - Battle Ground 3
BOTTOM OF THE 7TH
Battle Ground Aeros batting - Pitching for Billings Polar Bears : RHP Serafino Abreu
Batting: RHB Beau Murphy 0-0: Ball
1-0: Foul Ball, location: 2F
1-1: Swinging Strike
1-2: Hit by Pitch
Batting: SHB Juan Brito 0-0: Sac Bunt - play at first, batter OUT! 3-4
Beau Murphy to second
Batting: RHB Carlos Soto 0-0: Called Strike
0-1: Ball
1-1: Foul Ball, location: 2F
1-2: Foul Ball, location: 2F
1-2: Ground out 5-3 (Groundball, 5L)
Batting: RHB Andrés Sánchez 0-0: Ball
1-0: Ball
2-0: Called Strike
2-1: Fly out, F2 (Popup, 3S)
Bottom of the 7th over - 0 run(s), 0 hit(s), 0 error(s), 1 left on base; Billings 0 - Battle Ground 3
TOP OF THE 8TH
Billings Polar Bears batting - Pitching for Battle Ground Aeros : RHP José Lucero
Batting: RHB Nathan Landrum 0-0: Called Strike
0-1: Ball
1-1: Swinging Strike
1-2: Ball
2-2: Foul Ball, location: 2F
2-2: Foul Ball, location: 2F
2-2: Foul Ball, location: 2F
2-2: Ball
3-2: Strikes out swinging
Batting: RHB Pierre Bernard 0-0: Called Strike
0-1: Foul Ball, location: 2F
0-2: Strikes out swinging
Batting: RHB Roberto Hernández 0-0: Ball
1-0: Called Strike
1-1: Foul Ball, location: 2F
1-2: Foul Ball, location: 2F
1-2: Foul Ball, location: 2F
1-2: Fly out, F7 (Flyball, 78M)
Top of the 8th over - 0 run(s), 0 hit(s), 0 error(s), 0 left on base; Billings 0 - Battle Ground 3
BOTTOM OF THE 8TH
Battle Ground Aeros batting - Pitching for Billings Polar Bears : RHP Serafino Abreu
Batting: LHB Ignacio Martínez 0-0: Ball
1-0: Swinging Strike
1-1: Ball
2-1: Ball
3-1: Base on Balls
Pitching: LHP Santiago Carrión
Batting: RHB José Rodríguez 0-0: Ground out 5-3 (Groundball, 56S)
Ignacio Martínez to second
Batting: LHB Dave Smerdon 0-0: Fly out, F7 (Flyball, 7)
Batting: RHB Juan Camacho 0-0: Ball
1-0: Called Strike
1-1: Foul Ball, location: 2F
1-2: Strikes out swinging
Bottom of the 8th over - 0 run(s), 0 hit(s), 0 error(s), 1 left on base; Billings 0 - Battle Ground 3
TOP OF THE 9TH
Billings Polar Bears batting - Pitching for Battle Ground Aeros : RHP José Lucero
Pitching: LHP Yajirobei Otomo
Batting: RHB Mike Brown 0-0: Ball
1-0: Ball
2-0: Ball
3-0: Swinging Strike
3-1: Base on Balls
Batting: LHB Felipe Trujillo 0-0: Ball
1-0: Ball
2-0: Ball
3-0: Base on Balls
Mike Brown to second
Batting: LHB Rubén Ruíz 0-0: Swinging Strike
0-1: Swinging Strike
0-2: Ball
1-2: Foul Ball, location: 2F
1-2: Fly out, F7 (Flyball, 78S)
Batting: RHB Lúcio Marín 0-0: Foul Ball, location: 2F
0-1: Ball
1-1: Ball
2-1: Ball
Wild Pitch!
Mike Brown to third
Felipe Trujillo to second
3-1: Foul Ball, location: 2F
3-2: SINGLE (Flyball, 56D)
Mike Brown scores
Felipe Trujillo to third
Runner from 3rd tries for Home, throw and OUT!
Lúcio Marín to second
Pinch Hitting: RHB Dale Carney 0-0: Called Strike
0-1: Ground out 6-3 (Groundball, 6)
Top of the 9th over - 1 run(s), 1 hit(s), 0 error(s), 1 left on base; Billings 1 - Battle Ground 3
Friday, December 30th, 2016 - OOTP Baseball 17.12 Build 75